AoeStats
← Tunga

Black Forest

505437674Analyzed
1v1 RM · 24d ago on Sep 9, 2026· 53m 35s· 2 players
Game mode
Random Map
Map size
Tiny (2 player)
Population
200
Speed
Normal
Resources
Standard
Victory
Conquest
Starting age
Dark Age
Ending age
Imperial Age
RankedLock teamsTeams togetherTeam positionsShared explorationLock speedFull tech treeHidden civsTurbo modeCheats
Victory
Defeat
🇵🇪 Burgundians · Peru
737
+16
🇹🇷 Mongols · Türkiye
742
-16
Zorrito del Sur
11:22 Feudal Age
15:20 Wheelbarrow
14:35 Town Watch
14:36 Loom
19:03 Castle Age
17:32 Double-Bit Axe
17:40 Gold Mining
18:49 Bow Saw
18:49 Stone Mining
25:21 Fishing Lines
25:31 Horse Collar
26:35 Fletching
27:51 Masonry
27:56 Bodkin Arrow
29:21 Gillnets
30:14 Fortified Wall
35:23 Imperial Age
33:32 Ballistics
33:51 Scale Barding Armor
35:38 Hand Cart
35:27 Town Patrol
37:11 Chemistry
35:58 Cavalier
36:40 Husbandry
37:18 Forging
37:29 Chain Barding Armor
39:34 Iron Casting
39:57 Gold Shaft Mining
42:06 Blast Furnace
44:33 Plate Barding Armor
44:58 Paladin
46:58 Padded Archer Armor
46:58 Bracer
47:04 Crossbowman
49:15 Leather Archer Armor
Tunga
0:29 Loom
10:08 Feudal Age
11:40 Wheelbarrow
13:22 Horse Collar
20:54 Castle Age
18:45 Town Watch
19:51 Double-Bit Axe
22:12 Hand Cart
23:17 Heavy Plow
23:32 Bow Saw
28:05 Ballistics
31:53 Imperial Age
32:31 Nomads
33:45 Husbandry
33:06 Cavalier
35:05 Chemistry
35:38 Gold Mining
35:38 Stone Mining
37:47 Gold Shaft Mining
38:47 Hoardings
41:29 Heavy Camel Rider
47:32 Elite Mangudai
51:01 Scale Barding Armor
50:57 Padded Archer Armor
50:48 Fletching
Connection lost

Rejoining the realm…

Still unreachable

The connection could not be restored.

Session expired

The server has moved on; the page needs a fresh start.